 Dungeon Crawl Stone Soup version 0.22-a0-430-g6609fc6 (webtiles) character file.

252 wazuzu the Ruffian (level 5, -2/41 HPs)
             Began as a Centaur Transmuter on May 26, 2018.
             Was an Initiate of Cheibriados.
             Killed from afar by wazuzu's ghost (10 damage)
             ... with a magic dart
             ... on level 3 of the Dungeon.
             The game lasted 00:05:26 (2446 turns).

wazuzu the Ruffian (Centaur Transmuter)             Turns: 2446, Time: 00:05:28

Health: -2/41      AC:  4    Str: 15    XL:     5   Next: 89%
Magic:  7/7        EV:  9    Int: 18    God:    Cheibriados [......]
Gold:   70         SH:  0    Dex: 10    Spells: 6/7 levels left

rFire    . . .     SeeInvis .     - Unarmed
rCold    . . .     Gourm    .   (no shield)
rNeg     . . .     Faith    .   b - +0 robe
rPois    .         Spirit   .   (no helmet)
rElec    .         Reflect  .   (no cloak)
rCorr    .         Harm     .   (no gloves)
MR       .....                  (no barding)
Stlth    +.........             (no amulet)
HPRegen  0.13/turn              (no ring)
MPRegen  0.10/turn              (no ring)

@: brilliant, lethally poisoned (-2 -> -18)
A: large, hooves 3, deformed body, speed 2, tough skin 3
a: Bend Time, Renounce Religion


You were on level 3 of the Dungeon.
You worshipped Cheibriados.
Cheibriados was noncommittal.
You were not hungry.

You visited 1 branch of the dungeon, and saw 3 of its levels.

You collected 70 gold pieces.

Inventory:

Missiles
 a - 20 arrows
 k - 5 stones (quivered)
Armour
 b - a +0 robe (worn)
Jewellery
 i - a +4 ring of slaying {unknown}
Scrolls
 e - 2 scrolls of blinking {unknown}
 f - 2 scrolls of teleportation {unknown}
 m - a scroll of noise {unknown}
 n - a scroll of remove curse {unknown}
Potions
 c - a potion of lignification {unknown}
Comestibles
 d - 4 rations
 g - a chunk of flesh


   Skills:
 + Level 2.1 Fighting
 - Level 1.3 Dodging
 - Level 6.3 Unarmed Combat
 - Level 1.5 Spellcasting
 - Level 1.7 Transmutations


You had 6 spell levels left.
You knew the following spells:

 Your Spells              Type           Power        Failure   Level  Hunger
a - Beastly Appendage     Tmut           ###...       1%          1    ##.....

Your spell library contained the following spells:

 Spells                   Type           Power        Failure   Level  Hunger
 Spider Form              Tmut/Pois      ###.......   4%          3    ####...
 Blade Hands              Tmut           ###.......   26%         5    ######.
 Ice Form                 Ice/Tmut       ###.....     14%         4    #####..
 Sticks to Snakes         Tmut           ###.....     1%          2    ###....


Dungeon Overview and Level Annotations

Branches:
Dungeon (3/15)

Altars:
Cheibriados
Fedhas

Annotations:
D:3 wazuzu's ghost, amateur OpWz


Innate Abilities, Weirdness & Mutations

You have hooves in place of feet.
Armour fits poorly on your strangely shaped body.
You cover ground very quickly.
You have extremely tough skin. (AC +3)


Message History

Wazuzu's ghost is almost destroyed.
* * * LOW HITPOINT WARNING * * *
You feel sick.
Wazuzu's ghost hits you but does no damage.
You are more poisoned.
You feel better. Wazuzu's ghost hits you.
You are poisoned.
You hit wazuzu's ghost but do no damage.
Wazuzu's ghost is almost destroyed.
Your horns disappear.
You feel sick. Wazuzu's ghost hits you.
* * * LOW HITPOINT WARNING * * *
You are lethally poisoned!
You barely miss wazuzu's ghost.
Wazuzu's ghost is almost destroyed.
* * * LOW HITPOINT WARNING * * *
You feel sick. Wazuzu's ghost casts a spell at you. The magic dart hits you!
You die...

.. #. .# ####.#.##
.###.......##
...........
..#..#....
.$...#...#
.W..s....# #W#..#
#@#..# #....# .#
###.## #.# #.#
##.## #.# ##...#
#####.##### #.....
#.........# #.....
#.###.###.#####...#
#.......).....#


You could see wazuzu's ghost and a giant cockroach.

Vanquished Creatures
  Sigmund (D:2)
  3 adders (D:2)
  An ooze (D:3)
  2 dart slugs
  A leopard gecko (D:3)
  2 ball pythons (D:1)
  6 giant cockroaches
  9 goblins
  2 hobgoblins
  6 jackals (D:1)
  6 bats
  2 frilled lizards
  4 kobolds
  A leopard gecko skeleton (D:2)
  11 rats
57 creatures vanquished.

Notes
Turn   | Place    | Note
-------+----------+-------------------------------------------
     0 | D:1      | wazuzu the Centaur Transmuter began the quest for the Orb.
     0 | D:1      | Reached XP level 1. HP: 16/16 MP: 3/3
    75 | D:1      | Reached XP level 2. HP: 14/23 MP: 2/4
   539 | D:1      | Reached skill level 4 in Unarmed Combat
   890 | D:1      | Reached XP level 3. HP: 28/28 MP: 5/5
  1502 | D:2      | Noticed Sigmund
  1530 | D:2      | Killed Sigmund
  1530 | D:2      | Reached skill level 6 in Unarmed Combat
  1530 | D:2      | Reached XP level 4. HP: 16/35 MP: 4/6
  1530 | D:2      | Reached XP level 5. HP: 18/40 MP: 4/7
  1982 | D:2      | Found a snail-covered altar of Cheibriados.
  1982 | D:2      | Found a blossoming altar of Fedhas.
  2111 | D:2      | Became a worshipper of Cheibriados the Contemplative
  2196 | D:3      | Noticed wazuzu's ghost (amateur OpWz)
  2446 | D:3      | Killed from afar by wazuzu's ghost

Vault maps used:
D:1:      saegor_arrival_simple_e, minmay_misc_feat_iff
D:2:      gammafunk_temple_overflow_elements, uniq_sigmund

Skill      XL: |  1  2  3  4  5 |
---------------+----------------+-----
Unarmed Combat | 4 6 |  6.3
Fighting       | 2 |  2.1
Dodging        | |  1.3
Spellcasting   | |  1.5
Transmutations | |  1.7

Action                   |  1- 3 |  4- 6 || total
-------------------------+-------+-------++-------
Melee: Unarmed           |   123 |    53 ||   176
       Kick              |    24 |     7 ||    31
       Headbutt          |     8 |     2 ||    10
       Punch             |     1 |       ||     1
Throw: Stone             |     5 |       ||     5
 Cast: Beastly Appendage |    12 |     4 ||    16
  Use: Potion            |     3 |     2 ||     5
  Eat: Chunk             |     2 |     2 ||     4
Armor: Robe              |    44 |    14 ||    58
Dodge: Dodged            |    64 |    18 ||    82

Table legend:
 A = Spawn XP
 B = Non-spawn XP
 C = Spawn XP percentage of total XP
 D = Spawn monster count
 E = Non-spawn monster count
 F = Spawn count percentage of total count
 G = Total turns spent on level
                    A         B        C        D         E        F      G
               +---------+---------+-------+---------+---------+-------+---------
         Total |       0 |     361 |   0.0 |       0 |      57 |   0.0 |  2446
               +---------+---------+-------+---------+---------+-------+---------
           D:1 |       0 |      52 |   0.0 |       0 |      30 |   0.0 |  1071
           D:2 |       0 |     293 |   0.0 |       0 |      21 |   0.0 |  1111
           D:3 |       0 |      16 |   0.0 |       0 |       6 |   0.0 |   264
               +---------+---------+-------+---------+---------+-------+---------
